 Seeded DCSS version 0.30-a0-900-g23479c02f2 (webtiles) character file.

Game seed: 17906827012690515480 (custom seed)

152 bmack86 the Trooper (level 5, -4/47 HPs)
             Began as a Minotaur Fighter on Mar 18, 2023.
             Killed from afar by a steam dragon (6 damage)
             ... with a ball of steam
             ... on level 4 of the Dungeon.
             The game lasted 00:05:18 (2898 turns).

bmack86 the Trooper (Minotaur Fighter)              Turns: 2898, Time: 00:05:19

Health: -4/47      AC:  7    Str: 22    XL:     5   Next: 11%
Magic:  4/4        EV:  9    Int:  5    God:
Gold:   26         SH:  5    Dex: 16    Spells: 4/4 levels left

rFire   . . .      SeeInvis +    a - +0 war axe
rCold   . . .      Faith    .    c - +0 buckler
rNeg    . . .      Spirit   .    b - +0 scale mail
rPois   .          Reflect  .    (helmet restricted)
rElec   .          Rampage  .    (no cloak)
rCorr   .                        (no gloves)
Will    .....                    (no boots) Stlth
                                 (no amulet)
HPRegen 0.27/turn                g - ring of see invisible
MPRegen 0.09/turn                s - +6 ring of dexterity

@: no status effects
A: horns 2, retaliatory headbutt
a: no special abilities


You were on level 4 of the Dungeon.
You visited 1 branch of the dungeon, and saw 4 of its levels.

You collected 114 gold pieces.
You spent 88 gold pieces at shops.

Inventory:

Hand Weapons
 a - a +0 war axe (weapon)
Missiles
 m - 2 throwing nets
 q - 10 poisoned darts (quivered)
 u - 2 javelins
Armour
 b - a +0 scale mail (worn)
 c - a +0 buckler (worn)
Jewellery
 e - a +6 ring of intelligence
 g - a ring of see invisible (left hand)
 k - a ring of ice
 s - a +6 ring of dexterity (right hand)
Scrolls
 i - 2 scrolls of teleportation {unknown}
 l - 2 scrolls of identify
 n - a scroll of fog {unknown}
 o - 5 scrolls of enchant weapon {unknown}
 p - a scroll of poison {unknown}
 r - 2 scrolls of amnesia {unknown}
Potions
 d - 2 potions of might
 f - 2 potions of lignification
 h - a potion of brilliance
 j - 3 potions of curing
 t - a potion of attraction {unknown}
 v - a potion of cancellation {unknown}


   Skills:
 + Level 4.4 Fighting
 * Level 4.3 Axes
 + Level 1.2 Throwing
 + Level 4.4 Armour
 + Level 4.4 Shields


You had 4 spell levels left.
You didn't know any spells.
Your spell library was empty.

Dungeon Overview and Level Annotations

Branches:
Dungeon (4/15)
 Temple: D:4-7

Altars:
Makhleb
Nemelex Xobeh

Shops:
D:2 **


Innate Abilities, Weirdness & Mutations

You have a pair of horns on your head.
You reflexively headbutt those who attack you in melee.


Message History

The poisoned dart completely misses you.
The kobold throws a poisoned dart.
You block the poisoned dart.
You closely miss the kobold. You headbutt the kobold.
You kill the kobold!
Found 9 gold pieces.
q - 10 poisoned darts (gained 6)
Things that are here:
a +0 short sword; a kobold corpse
Found a potion of curing.
You see here 2 javelins.
u - 2 javelins
v - a fizzy silvery potion You see here a +0 sling.
j - 3 potions of curing (gained 1)
You now have 26 gold pieces (gained 9).
A kobold comes into view. It is wielding a +0 club.
The kobold shouts!
The kobold throws a stone.
The stone hits you but does no damage.
The kobold throws a stone.
The stone hits you but does no damage. The kobold barely misses you.
You furiously retaliate!
You headbutt the kobold.
You kill the kobold!
A steam dragon and a dart slug come into view.
The steam dragon hisses angrily.
Things that are here:
a +0 club; 4 stones The steam dragon breathes steam at you.
The ball of steam hits you!
You hear an angry hiss. x2
Unknown command.
You closely miss the steam dragon. The steam dragon bites you.
The steam dragon claws you but does no damage.
The steam dragon breathes steam at you. The ball of steam hits you!!
* * * LOW HITPOINT WARNING * * *
You closely miss the steam dragon. You hit the dart slug.
You are engulfed in a cloud of scalding steam.
* * * LOW HITPOINT WARNING * * *
The steam dragon breathes steam at you. The ball of steam hits you.
You die...

.# ##. .## ##..
..## ..w###...
##..#..#
#..§§..#
#.####w##..#
#....§§@D..#
##########)#
#.# #.# #.# #.#
#.# #.# #.# #.#
#.#
#.######.######
#..............
#.....)........


You could see a steam dragon (catching breath) and a dart slug.

Vanquished Creatures
  2 orc wizards (D:3)
  A gnoll (D:1)
  2 adders (D:2)
  2 dart slugs
  5 orcs (D:3)
  4 bats
  9 endoplasms
  A giant cockroach (D:1)
  4 hobgoblins (D:1)
  5 jackals
  2 quokkas
  6 ball pythons
  3 frilled lizards
  6 goblins
  8 kobolds
  5 rats
65 creatures vanquished.

Notes
Turn   | Place    | Note
-------+----------+-------------------------------------------
     0 | D:1      | bmack86 the Minotaur Fighter began the quest for the Orb.
     0 | D:1      | Reached XP level 1. HP: 19/19 MP: 0/0
    72 | D:1      | Reached XP level 2. HP: 17/27 MP: 1/1
   611 | D:1      | Reached XP level 3. HP: 30/33 MP: 2/2
  1146 | D:2      | Found a burning altar of Makhleb.
  1449 | D:2      | Reached XP level 4. HP: 40/40 MP: 3/3
  1561 | D:2      | Found Woofeo's Assorted Antiques.
  1656 | D:2      | Found Ydaaz's General Store.
  1668 | D:2      | Bought a scroll of identify for 22 gold pieces
  1668 | D:2      | Bought 3 scrolls of identify for 66 gold pieces
  2163 | D:3      | Found a sparkling altar of Nemelex Xobeh.
  2231 | D:3      | Reached skill level 1 in Throwing
  2544 | D:3      | Reached XP level 5. HP: 47/47 MP: 4/4
  2892 | D:4      | Noticed a steam dragon
  2898 | D:4      | HP: 2/47 [steam dragon] (4)]
  2898 | D:4      | Killed from afar by a steam dragon

Illustrated notes

Levels and vault maps discovered:
D:1:      lemuel_arrival_funnel, layout_loops_corners
D:2:      layout_basic, basic_altar, serial_shops, shop_statue, shop,
          minmay_tromino_v4_a
D:3:      layout_basic, nemelex_xobeh_ov_fountains_minmay,
          chequers_serial_rivers_small_b, grunt_ministairs_1,
          grunt_decor_arrowhead
D:4:      layout_loops_ring, xom_confusion_cloud, mainiacjoe_overflow_24_doors,
          nicolae_dithmenos_shadow_blocks

Skill      XL: |  1  2  3  4 |
---------------+-------------+-----
Axes           | 3 4 |  4.3
Fighting       | 4 |  4.4
Armour         | 4 |  4.4
Shields        | 4 |  4.4
Throwing       | 1 |  1.2

Action                     |  1- 3 |  4- 6 || total
---------------------------+-------+-------++-------
  Melee: War axe           |    77 |    59 ||   136
         Headbutt          |     9 |     9 ||    18
  Throw: Dart              |       |     5 ||     5
    Use: Scroll            |       |     3 ||     3
 Armour: Scale mail        |    49 |    44 ||    93
  Dodge: Dodged            |    49 |    21 ||    70
  Block: Buckler           |    21 |    12 ||    33

Table legend: (Time is in decaauts)
 A = Elapsed time spent in this place.
 B = Non-inter-level travel time spent in this place.
 C = Inter-level travel time spent in this place.
 D = Time resting spent in this place.
 E = Time spent auto-exploring this place.
 F = Levels seen in this place.
 G = Mean time per level.
                   A        B        C        D        E       F      G
               +--------+--------+--------+--------+--------+-----+--------+
         Total |   2949 |   2833 |    116 |      0 |   2224 |   4 |  737.2 |
       Dungeon |   2949 |   2833 |    116 |      0 |   2224 |   4 |  737.2 |
               +--------+--------+--------+--------+--------+-----+--------+

Top non-repeatable levels by time:
     D:1: 1036 daAuts
     D:3: 1010 daAuts
     D:2: 841 daAuts
     D:4: 60 daAuts
